 Dungeon Crawl Stone Soup version 0.29.1-1-gd02db6906a (webtiles) character file.

Game seed: 10903542059475309895

1667 raph the Reanimator (level 9, -1/57 HPs)
             Began as a Human Necromancer on Oct 11, 2022.
             Was a Follower of Ashenzari.
             Slain by a gnoll
             ... wielding a +3 spear of venom
              (4 damage)
             ... on level 6 of the Dungeon.
             The game lasted 00:12:12 (7529 turns).

raph the Reanimator (Human Necromancer)             Turns: 7529, Time: 00:12:12

Health: -1/57      AC:  7    Str:  9    XL:     9   Next: 20%
Magic:  1/13       EV: 13    Int: 19    God:    Ashenzari [*.....]
Gold:   287        SH:  4    Dex: 20    Spells: 2/14 levels left

rFire   . . .      SeeInvis .   x - +1 rapier
rCold   . . .      Faith    .   v - +0 buckler
rNeg    . . .      Spirit   .   a - +0 robe
rPois   .          Reflect  .   l - +1 helmet "Dismay of Ashenzari" {Fort, Alch} (curse)
rElec   .          Harm     .   (no cloak)
rCorr   .          Rampage  .   e - +1 pair of gloves
Will    .....                   u - +0 pair of boots
Stlth   +++.......              (no amulet)
HPRegen 0.19/turn               p - ring "Profound Polytheism" {Dex+6, Elem, Range} (curse)
MPRegen 0.13/turn               (no ring)

@: lethally poisoned (-1 -> -9)
A: no striking features
a: Renounce Religion, Shatter the Chains


You were on level 6 of the Dungeon.
You worshipped Ashenzari.
Ashenzari was aware of your devotion.
You visited 2 branches of the dungeon, and saw 7 of its levels.

You collected 407 gold pieces.
You spent 120 gold pieces at shops.

Inventory:

Hand Weapons
 c - a +2 dagger of electrocution
 f - a +1 spectral dagger
 x - a +1 rapier (weapon)
Missiles
 h - 3 throwing nets
 r - 15 poisoned darts
 y - 2 silver javelins
Armour
 a - a +0 robe (worn)
 e - a +1 pair of gloves (worn)
 l - the cursed +1 helmet "Dismay of Ashenzari" (worn) {Fort, Alch}
   (You found it on level 3 of the Dungeon)

   It has a curse which improves the following skills: Fortitude: Armour and
   Shields.
   Alchemy:   Poison Magic and Transmutations.
 u - a +0 pair of boots (worn)
 v - a +0 buckler (worn)
Jewellery
 p - the cursed ring "Profound Polytheism" (left hand) {Dex+6, Elem, Range}
   (You found it on level 3 of the Dungeon)

   [ring of dexterity]

   Dex:       It affects your dexterity (+6).
   It has a curse which improves the following skills: Elements: Fire Magic, Ice
   Magic, Air Magic and Earth Magic.
   Ranged Combat: Ranged Weapons and Throwing.
Wands
 q - a wand of charming (22)
Scrolls
 d - 2 scrolls of teleportation
 m - a scroll of identify
 w - a scroll of silence
Potions
 b - a potion of magic
 g - 2 potions of resistance
 i - 2 potions of mutation
 j - 3 potions of haste
 k - 2 potions of flight
 n - 4 potions of heal wounds
 o - a potion of brilliance
 s - 2 potions of might
 t - a potion of cancellation
 z - a potion of curing


   Skills:
 - Level 3.4 Dodging
 - Level 3.6 Stealth
 - Level 3.2 Spellcasting
 + Level 10.7 Necromancy


You had 2 spell levels left.
You knew the following spells:

 Your Spells              Type           Power      Damage    Failure   Level
a - Necrotise             Necr           100%       1d9       1%          1
b - Vampiric Draining     Necr           44%        2d9       1%          3
c - Agony                 Necr           44%        N/A       7%          5
d - Mephitic Cloud        Conj/Pois/Air  3%         N/A       52%         3

Your spell library contained the following spells:

 Spells                   Type           Power      Damage    Failure   Level
 Slow                     Hex            12%        N/A       21%         1
 Animate Dead             Necr           44%        N/A       2%          4
 Death Channel            Necr           22%        N/A       36%         6
 Confusing Touch          Hex            3%         N/A       52%         3
 Ignite Poison            Fire/Tmut/Pois 3%         N/A       52%         3
 Borgnjor's Vile Clutch   Necr/Erth      11%        N/A       52%         5
 Blade Hands              Tmut           1%         N/A       99%         5
 Freezing Cloud           Conj/Ice/Air   1%         6-21      99%         5
 Irradiate                Conj/Tmut      1%         3d12      99%         5
 Dragon Form              Tmut           1%         N/A       100%        7


Dungeon Overview and Level Annotations

Branches:
Dungeon (6/15)             Temple (1/1) D:4

Altars:
Ashenzari
Cheibriados
Elyvilon
Fedhas
Gozag
Hepliaklqana
Makhleb
Nemelex Xobeh
Okawaru
Qazlal
Ru
Sif Muna
Trog
Vehumet
Wu Jian
Xom
Yredelemnul
Zin
The Shining One

Shops:
D:3 !


Message History

You draw life force from the gnoll!
You feel life coursing into your body.
Casting: Vampiric Draining (safe; 1% risk of failure)
Confirm with . or Enter, or press ? or * to list all spells.
Aiming: Vampiric Draining (safe; 1% risk of failure)
Press: ? - help, Shift-Dir - straight line, f/p - gnoll
Aim: a gnoll, wielding a +0 flail (heavily wounded)
You draw life force from the gnoll!
You kill the gnoll!
You feel life coursing into your body. The gnoll closely misses you.
You closely miss the gnoll.
The gnoll hits you from afar with a +3 spear of venom.
You are poisoned.
The gnoll barely misses you. The gnoll hits you with a +0 flail.
Casting: Vampiric Draining (safe; 1% risk of failure)
Confirm with . or Enter, or press ? or * to list all spells.
Aiming: Vampiric Draining (safe; 1% risk of failure)
Press: ? - help, Shift-Dir - straight line, f - gnoll
Aim: a gnoll, wielding a +0 flail (ally target)
You draw life force from the gnoll!
You feel life coursing into your body.
You feel very sick.
Your gnoll skeleton hits the gnoll.
The gnoll hits you but does no damage.
You are more poisoned.
The gnoll hits your gnoll skeleton with a +0 flail!
You hit the gnoll but do no damage.
The gnoll is severely wounded.
* * * LOW HITPOINT WARNING * * *
You feel very sick. The gnoll completely misses you.
The gnoll hits you with a +0 flail!
* * * LOW HITPOINT WARNING * * *
Your gnoll skeleton closely misses the gnoll.
You hit the gnoll.
You kill the gnoll!
* * * LOW HITPOINT WARNING * * *
You feel very sick. The gnoll misses you.
Your gnoll skeleton barely misses the gnoll.
* * * LOW HITPOINT WARNING * * *
You feel sick.
The gnoll hits you from afar with a +3 spear of venom.
You die...

.....................####...##
..[....................##....#
..###. .....................#
..# ..............#......#
.####. .............#........#
...... #.......#..#..#.......
.....## ##....####.#..###..#.#
....... ##...##.#.#.## .##.#
....... ##.@Z......#.$..#
....... ##.#g.....#..##
#...... ...##..........
#.....K ....###..........
....... ...... #..#.......#
..#.... ...##. #.g#.......#
####... ..###.###......... ..
...#......##. #.#.......# .


You could see a gnoll (ally target) and a friendly gnoll skeleton.

Vanquished Creatures
  A water moccasin (D:4)
  A sky beast (D:5)
  An ice beast (D:6)
  A centaur (D:5)
  2 ogres
  3 phantoms (D:5)
  A scorpion (D:5)
  3 necrophages
  2 elf skeletons (D:4)
  A howler monkey (D:5)
  A human zombie (D:4)
  A jelly (D:5)
  A hound (D:3)
  A gnoll bouda (D:4)
  An orc priest (D:3)
  A human skeleton (D:4)
  An orc wizard (D:6)
  An iguana (D:4)
  7 gnolls
  10 adders
  2 shadow imps
  An ufetubus (D:2)
  3 worms
  5 dart slugs
  16 orcs
  5 bats
  5 endoplasms
  2 giant cockroaches
  8 goblins
  4 hobgoblins
  2 jackals (D:1)
  2 quokkas (D:4)
  4 ball pythons
  A frilled lizard (D:2)
  7 kobolds
  An orc skeleton (D:4)
  An orc zombie (D:4)
  5 rats
115 creatures vanquished.

Vanquished Creatures (collateral kills)
  A dart slug (D:2)
  A quokka (D:3)
2 creatures vanquished.

Grand Total: 117 creatures vanquished

Notes
Turn   | Place    | Note
-------+----------+-------------------------------------------
     0 | D:1      | raph the Human Necromancer began the quest for the Orb.
     0 | D:1      | Reached XP level 1. HP: 13/13 MP: 3/3
   371 | D:1      | Reached XP level 2. HP: 19/19 MP: 3/5
   940 | D:1      | Reached XP level 3. HP: 24/24 MP: 1/6
   944 | D:1      | Learned a level 3 spell: Vampiric Draining
  1845 | D:2      | Reached XP level 4. HP: 28/30 MP: 1/7
  2597 | D:3      | Reached XP level 5. HP: 35/35 MP: 4/8
  2727 | D:3      | Reached skill level 5 in Necromancy
  2843 | D:3      | Found Uruedyon's Distillery.
  2868 | D:3      | Found an opulent altar of Gozag.
  2869 | D:3      | Bought a potion of heal wounds for 60 gold pieces
  2869 | D:3      | Bought a potion of brilliance for 48 gold pieces
  2869 | D:3      | Bought a potion of degeneration for 12 gold pieces
  3317 | D:3      | Reached XP level 6. HP: 30/41 MP: 1/10
  3622 | D:4      | Noticed an ogre
  3629 | D:4      | Killed an ogre
  3944 | D:4      | Found a staircase to the Ecumenical Temple.
  3957 | Temple   | Entered the Ecumenical Temple
  4203 | Temple   | Learned a level 5 spell: Agony
  4227 | Temple   | Became a worshipper of Ashenzari the Shackled
  4280 | D:4      | Found an ornate altar of the Wu Jian Council.
  4285 | D:4      | Noticed a water moccasin
  4317 | D:4      | Killed a water moccasin
  4318 | D:4      | Reached skill level 6 in Necromancy
  4318 | D:4      | Reached XP level 7. HP: 31/46 MP: 0/11
  4930 | D:4      | Learned a level 3 spell: Mephitic Cloud
  5210 | D:4      | Reached skill level 7 in Necromancy
  5559 | D:5      | Entered Level 5 of the Dungeon
  5578 | D:4      | Reached XP level 8. HP: 52/52 MP: 12/12
  5814 | D:5      | Reached skill level 8 in Necromancy
  6251 | D:5      | Reached skill level 9 in Necromancy
  6719 | D:5      | Found a burning altar of Makhleb.
  6725 | D:5      | Reached skill level 10 in Necromancy
  6725 | D:5      | Reached XP level 9. HP: 49/57 MP: 13/13
  6910 | D:5      | Reached * piety under Ashenzari
  7529 | D:6      | Slain by a gnoll

Illustrated notes

Levels and vault maps discovered:
D:1:      dpeg_arrival_long_road, layout_basic
D:2:      layout_loops_cross, chequers_serial_rivers_micro_a
D:3:      layout_rooms, nicolae_gozag_cash_rules_everything_around_me,
          serial_shops, shop
D:4:      layout_basic, general_overflow_altar, temple_fountains,
          nicolae_ossuary_entry_catacombs
D:5:      layout_basic, lightli_temple_of_fire
D:6:      layout_cave_pools, serial_shops,
          nicolae_shop_competitors_out_of_business, minmay_misc_feat_encased
Temple:   nicolae_temple_slightly_damp_pantheon

Skill      XL: |  1  2  3  4  5  6  7  8 |
---------------+-------------------------+-----
Stealth        | 3 |  3.6
Necromancy     | 5 6 7 10 | 10.7
Dodging        | 3 |  3.4
Spellcasting   | 3 |  3.2

Action                   |  1- 3 |  4- 6 |  7- 9 || total
-------------------------+-------+-------+-------++-------
Melee: Dagger            |     9 |    58 |   182 ||   249
       Punch             |       |     1 |     4 ||     5
       Rapier            |       |       |    47 ||    47
 Cast: Necrotise         |    63 |    59 |    47 ||   169
       Vampiric Draining |       |     3 |    11 ||    14
       Agony             |       |       |     1 ||     1
Invok: Curse Item        |       |       |     2 ||     2
  Use: Scroll            |     3 |    10 |     3 ||    16
 Stab: Sleeping          |       |     5 |     7 ||    12
Armor: Robe              |     8 |    12 |    86 ||   106
Dodge: Dodged            |    20 |    66 |   121 ||   207
Block: Buckler           |       |       |     3 ||     3
